 Dungeon Crawl Stone Soup version 0.30-a0-567-gf7fd966b4a (webtiles) character file.

Game seed: 2032948659261598002

1456333 mrw0lf the Hawkeye (level 27, 221/221 HPs)
             Began as a Gnoll Brigand on Dec 27, 2022.
             Was an Initiate of Gozag.
             Escaped with the Orb
             ... and 3 runes on Dec 28, 2022!
             The game lasted 08:31:58 (91885 turns).

mrw0lf the Hawkeye (Gnoll Brigand)                 Turns: 91885, Time: 08:31:58

Health: 221/221    AC: 16    Str: 22    XL:     27
Magic:  50/50      EV: 27    Int: 21    God:    Gozag
Gold:   10467      SH:  0    Dex: 22    Spells: 9/63 levels left

rFire   + + +      SeeInvis .    b - staff of air
rCold   + + +      Faith    +    (no shield)
rNeg    + + +      Spirit   .    E - +2 robe {Archmagi}
rPois   +          Reflect  .    I - -2 helmet of Goivvoju {rPois Int+7 Dex-2 Slay+3}
rElec   +          Harm     .    f - +2 cloak of the Great Game {rF+}
rCorr   +          Rampage  .    M - +0 pair of gloves of Responsibility {rN+++ Int+4 Dex+5 Stlth-}
Will    +++++      Archmagi +    r - +1 pair of boots of the Sky {rCorr}
Stlth   +++        Clarity  +    S - amulet of Baoneun {Faith rC- Will+++ Regen+ Dex-2}
HPRegen 1.36/turn                v - ring of Fiywkouf {Drain rElec rF++ rC+++ Dex+6}
MPRegen 0.32/turn                W - ring of wizardry

@: studying 4 skills, bribing [the Dungeon, the Realm of Zot]
A: fangs 1, strong nose, distributed training, iridescent scales 1, clarity,
cold resistance 1, dopey 1, high MP 1, inability to drink after injury 1
0: Orb of Zot
}: 3/15 runes: decaying, slimy, gossamer
a: Renounce Religion, Potion Petition, Call Merchant, Bribe Branch


You escaped.
You worshipped Gozag.
Gozag was extremely pleased with you.
You visited 11 branches of the dungeon, and saw 54 of its levels.
You also visited: Ossuary and Ice Cave.

You collected 30203 gold pieces.
You spent 6865 gold pieces at shops.
You paid 12871 gold pieces to Gozag.

Inventory:

Hand Weapons
 a - the +10 dark maul {heavy}
   (You took it off a deep elf annihilator on level 3 of the Elven Halls)

   It deals dramatically more damage, but attacks with it are much slower.
 J - the +7 sceptre of Torment {pain, torment}
   (You took it off a deep elf sorcerer on level 3 of the Elven Halls)

   In the hands of one skilled in necromantic magic, it inflicts extra damage on
   living creatures.
   It occasionally torments all nearby living foes when it strikes in combat.
 K - a +9 eveningstar of flaming
Missiles
 c - 3 silver javelins
 p - 8 javelins (quivered)
 z - 3 throwing nets
Armour
 f - the +2 cloak of the Great Game (worn) {rF+}
   (You acquired it on level 15 of the Dungeon)

   rF:        It protects you from fire.
 r - the +1 pair of boots of the Sky (worn) {rCorr}
   (You found it on level 3 of the Elven Halls)

   rCorr:     It protects you from acid and corrosion.
 s - a +2 tower shield
 E - a +2 robe of the Archmagi (worn)
 F - the +1 pair of boots "Efobio" {Will+}
   (You found it on level 3 of the Depths)

   Will:      It increases your willpower.
 I - the -2 helmet of Goivvoju (worn) {rPois Int+7 Dex-2 Slay+3}
   (You found it on level 4 of the Realm of Zot)

   Int:       It affects your intelligence (+7).
   Dex:       It affects your dexterity (-2).
   Slay:      It affects your accuracy & damage with ranged weapons and melee
   (+3).
   rPois:     It protects you from poison.
 M - the +0 pair of gloves of Responsibility (worn) {rN+++ Int+4 Dex+5 Stlth-}
   (You acquired it on level 14 of the Dungeon)

   Int:       It affects your intelligence (+4).
   Dex:       It affects your dexterity (+5).
   rN:        It renders you almost immune to negative energy.
   Stlth:     It makes you less stealthy.
 Q - a +2 helmet of intelligence
Magical Staves
 b - a staff of air (weapon)
Jewellery
 e - the ring of Ollig {Ice rCorr Slay+3 SInv}
   (You acquired it on level 15 of the Dungeon)

   [ring of ice]

   It enhances your ice magic.
   Slay:      It affects your accuracy & damage with ranged weapons and melee
   (+3).
   rF:        It makes you vulnerable to fire.
   rC:        It protects you from cold.
   SInv:      It lets you see invisible.
   rCorr:     It protects you from acid and corrosion.
 v - the ring of Fiywkouf (left hand) {Drain rElec rF++ rC+++ Dex+6}
   (You bought it in a shop on level 2 of the Orcish Mines)

   [ring of dexterity]

   Dex:       It affects your dexterity (+6).
   rF:        It greatly protects you from fire.
   rC:        It renders you almost immune to cold.
   rElec:     It insulates you from electricity.
   Drain:     It drains your maximum health when unequipped.
 S - the amulet of Baoneun (around neck) {Faith rC- Will+++ Regen+ Dex-2}
   (You found it on level 3 of the Crypt)

   [amulet of faith]

   It allows you to gain divine favour quickly.
   Dex:       It affects your dexterity (-2).
   rC:        It makes you vulnerable to cold.
   Regen:     It increases your rate of health regeneration.
   Will:      It greatly increases your willpower.
 U - the ring "Kexol" {Str+6 Int+5}
   (You found it on level 2 of the Depths)

   [ring of strength]

   Str:       It affects your strength (+6).
   Int:       It affects your intelligence (+5).
 W - a ring of wizardry (right hand)
Wands
 j - a wand of acid (26)
 D - a wand of digging (6)
Scrolls
 g - 7 scrolls of fear
 t - 23 scrolls of teleportation
 w - 4 scrolls of summoning
 x - 11 scrolls of fog
 y - 9 scrolls of enchant armour
 B - 11 scrolls of blinking
 G - a scroll of magic mapping
 H - a scroll of poison
Potions
 d - 5 potions of might
 h - 16 potions of haste
 k - 4 potions of cancellation
 l - 10 potions of heal wounds
 n - 4 potions of resistance
 q - 14 potions of curing
 u - 9 potions of brilliance
 C - 6 potions of invisibility
 L - 8 potions of magic
 Y - 11 potions of mutation
Miscellaneous
 i - a box of beasts
 m - a phantom mirror
 o - a lightning rod (4/4)
 A - a tin of tremorstones (2/2)
 R - a condenser vane


   Skills:
 + Level 19.0 Fighting
 + Level 19.0 Short Blades
 + Level 18.5 Long Blades
 + Level 19.8 Axes
 + Level 18.5 Maces & Flails
 + Level 18.5 Polearms
 + Level 18.5 Staves
 + Level 18.5 Ranged Weapons
 + Level 21.4 Throwing
 + Level 18.5 Armour
 + Level 18.7 Dodging
 + Level 19.8 Stealth
 + Level 18.5 Shields
 + Level 18.5 Unarmed Combat
 + Level 18.5 Spellcasting
 + Level 15.8 Conjurations
 + Level 15.8 Hexes
 + Level 16.1 Summonings
 + Level 16.9 Necromancy
 + Level 15.8 Translocations
 + Level 15.8 Transmutations
 + Level 15.8 Fire Magic
 + Level 15.8 Ice Magic
 + Level 15.8 Air Magic
 + Level 15.8 Earth Magic
 + Level 15.8 Poison Magic
 + Level 20.0 Invocations
 + Level 18.5 Evocations


You had 9 spell levels left.
You knew the following spells:

 Your Spells              Type           Power      Damage    Failure   Level
a - Olgreb's Toxic Radia  Pois           91%        N/A       1%          4
b - Ignite Poison         Fire/Tmut/Pois 91%        N/A       0%          3
c - Borgnjor's Vile Clut  Necr/Erth      46%        N/A       1%          5
d - Storm Form            Tmut/Air       57%        N/A       1%          7
e - Death Channel         Necr           47%        N/A       1%          6
f - Yara's Violent Unrav  Hex/Tmut       45%        3d18      1%          5
g - Haunt                 Necr/Summ      46%        N/A       1%          7
h - Statue Form           Tmut/Erth      60%        N/A       1%          6
i - Apportation           Tloc           100%       N/A       0%          1
q - Manifold Assault      Tloc           91%        N/A       1%          4
s - Swiftness             Air            100%       N/A       0%          3
x - Mephitic Cloud        Conj/Pois/Air  100%       N/A       0%          3

Your spell library contained the following spells:

 Spells                   Type           Power      Damage    Failure   Level
 Foxfire                  Conj/Fire      100%       2x1d9     0%          1
 Magic Dart               Conj           100%       1d8       0%          1
 Necrotise                Necr           100%       1d9       0%          1
 Sandblast                Erth           100%       2d20      0%          1
 Shock                    Conj/Air       100%       1d9       0%          1
 Slow                     Hex            100%       N/A       0%          1
 Sting                    Tmut/Pois      100%       1d8       0%          1
 Summon Small Mammal      Summ           100%       N/A       0%          1
 Call Imp                 Summ           92%        N/A       0%          2
 Cigotuvi's Dreadful Rot  Necr/Pois/Air  100%       N/A       0%          2
 Ensorcelled Hibernation  Hex/Ice        100%       N/A       0%          2
 Momentum Strike          Conj/Tloc      100%       3d10      0%          2
 Passwall                 Tmut/Erth      75%        N/A       0%          2
 Poisonous Vapours        Pois/Air       100%       N/A       0%          2
 Scorch                   Fire           100%       2d10      0%          2
 Searing Ray              Conj           100%       2d8       0%          2
 Static Discharge         Conj/Air       100%       2-7/arc   0%          2
 Sublimation of Blood     Necr           94%        N/A       0%          2
 Confusing Touch          Hex            91%        N/A       0%          3
 Dazzling Flash           Conj/Hex       100%       N/A       0%          3
 Gell's Gravitas          Tloc           91%        N/A       0%          3
 Inner Flame              Hex/Fire       91%        N/A       0%          3
 Kindle Blastsparks       Fire/Tloc/Air  100%       2d18      0%          3
 Portal Projectile        Hex/Tloc       100%       N/A       0%          3
 Spider Form              Tmut/Pois      91%        N/A       0%          3
 Stone Arrow              Conj/Erth      100%       3d13      0%          3
 Summon Guardian Golem    Hex/Summ       92%        N/A       0%          3
 Tukima's Dance           Hex            91%        N/A       0%          3
 Vampiric Draining        Necr           94%        2d12      0%          3
 Airstrike                Air            57%        2d(9-25)  1%          4
 Anguish                  Hex/Necr       46%        N/A       1%          4
 Animate Armour           Summ/Erth      100%       N/A       1%          4
 Cause Fear               Hex            45%        N/A       1%          4
 Dispel Undead            Necr           94%        3d30      1%          4
 Flame Wave               Conj/Fire      91%        2d19      1%          4
 Fulminant Prism          Conj/Hex       45%        3d21      1%          4
 Iskenderun's Mystic Bla  Conj/Tloc      91%        2d18      1%          4
 Leda's Liquefaction      Hex/Erth       45%        N/A       1%          4
 Petrify                  Tmut/Erth      91%        N/A       1%          4
 Summon Lightning Spire   Summ/Air       100%       N/A       1%          4
 Agony                    Necr           94%        N/A       1%          5
 Alistair's Intoxication  Tmut/Pois      60%        N/A       1%          5
 Blade Hands              Tmut           45%        N/A       1%          5
 Fireball                 Conj/Fire      45%        3d18      1%          5
 Freezing Cloud           Conj/Ice/Air   57%        6-21      1%          5
 Irradiate                Conj/Tmut      45%        3d26      1%          5
 Lee's Rapid Deconstruct  Erth           45%        3d22*     1%          5
 Lightning Bolt           Conj/Air       57%        1d79      1%          5
 Metabolic Englaciation   Hex/Ice        45%        N/A       1%          5
 Silence                  Hex/Air        57%        N/A       1%          5
 Dispersal                Tloc           45%        N/A       1%          6
 Iron Shot                Conj/Erth      45%        9d9       1%          6
 Starburst                Conj/Fire      45%        6d13      1%          6
 Summon Cactus Giant      Summ           46%        N/A       1%          6
 Dragon Form              Tmut           45%        N/A       1%          7
 Necromutation            Tmut/Necr      46%        N/A       9%          8
 Summon Horrible Things   Summ           46%        N/A       10%         8
 Disjunction              Tloc           45%        N/A       11%         8
 Lehudib's Crystal Spear  Conj/Erth      45%        10d11     11%         8
 Maxwell's Capacitive Co  Air            57%        ∞         11%         8
 Dragon's Call            Summ           46%        N/A       80%         9
 Chain Lightning          Conj/Air       57%        3d76      82%         9
 Polar Vortex             Ice            45%        N/A       82%         9
 Animate Dead             Necr           Unusable   N/A       N/A         4
 Simulacrum               Ice/Necr       Unusable   N/A       N/A         6

Dungeon Overview and Level Annotations

Branches:
Dungeon (15/15)            Temple (0/1) D:6            Lair (5/5) D:9
  Swamp (4/4) Lair:2       Spider (4/4) Lair:2        Slime (5/5) Lair:5
    Orc (2/2) D:12            Elf (3/3) Orc:2        Vaults (4/5) D:13
  Crypt (3/3) Vaults:2       Tomb (0/3) Crypt:3      Depths (4/4) D:15
    Zot (5/5) Depths:4    Ossuary (visited)           IceCv (visited)

Altars:
Ashenzari
Gozag
Hepliaklqana
Kikubaaqudgha
Makhleb
Nemelex Xobeh
Okawaru
Qazlal
Ru
Trog
Uskayaw
Vehumet
Xom
Yredelemnul
Zin
The Shining One
Jiyva

Shops:
D:5 *!:!(   D:8 :   Orc:2 (*=[[   Elf:1 [=*[   Elf:3 (   Vaults:4 ==:*

Portals:
Hell: Depths:1 Depths:2 Depths:3 Depths:4
Abyss: Depths:2 Depths:3
Pandemonium: Depths:2 Depths:4
Ziggurat: Depths:1

Annotations:
Slime:5 exclusion: 2 upstairs
Crypt:3 exclusions: door, downstairs and 9 more exclusions, Boris
Depths:4 3 runed translucent doors, Unolod's ghost, adept MiBe
Zot:1 Vv
Zot:3 exclusion: 2 upstairs
Zot:5 exclusion: 3 upstairs


Innate Abilities, Weirdness & Mutations

You have very sharp teeth.
Your uncanny sense of smell can sniff out nearby items.
Your experience applies equally to all skills.
You are partially covered in iridescent scales. (AC +2)
You possess an exceptional clarity of mind.
Your flesh is cold resistant. (rC+)
You are dopey. (Int -2)
You have an increased reservoir of magic. (+10% MP)
You occasionally lose the ability to drink potions when taking damage.


Message History

There is a stone staircase leading up here.
You fly upwards.
There is a stone staircase leading down here.
Magic restored.
There is a stone staircase leading up here.
MP restored: 50 You fly upwards.
There is a stone staircase leading down here.
There is a stone staircase leading up here.
You fly upwards.
There is a stone staircase leading down here.
The Brimstone Fiend stares, then turns away, jangling a coin purse.
A Brimstone Fiend comes into view.
Okay, then.
Aiming: Blinkbolt
Press: ? - help, Dir - move target
Okay, then.
Your transformation is almost over.
There is a stone staircase leading up here.
You fly upwards.
Your transformation has ended.
Your staff of air unmelds from your body.
The +2 cloak of the Great Game {rF+} unmelds from your body.
The -2 helmet of Goivvoju {rPois Int+7 Dex-2 Slay+3} unmelds from your body.
The +0 pair of gloves of Responsibility {rN+++ Int+4 Dex+5 Stlth-} unmelds from your body.
The +1 pair of boots of the Sky {rCorr} unmelds from your body.
Your +2 robe of the Archmagi unmelds from your body.
You feel powerful.
There is a stone staircase leading down here.
There is a stone staircase leading up here.
You climb upwards.
There is a stone staircase leading down here.
There is a stone staircase leading up here.
You climb upwards.
There is a stone staircase leading down here.
There is an escape hatch in the ceiling here.
A mysterious force pulls you upwards. The hatch slams shut behind you.
There is an open door here.
There is a staircase leading out of the dungeon here.
You have escaped!

.....# #...##...##...##...#.# #.
.....# #..####..##..####..#.## #.
.....# #..####..##..####..#..# #.
.....# #...##...##...##...##.####
.....# #..................##.....
.....# ##................###...##
###### ######..##..###### ##..##
######..##..###### #÷.÷.
#########.......@........## #.###
.......#..................# #.###
.#####.#...##...##...##...# #.#..
.#.###.#..####..##..####..# #.#.#
.#.....#..####..##..####..# #.#.#
.#..####...##...##...##...# #....
.#..# #........##........# ###.#
....####'......####......'## #.#
##..##..##################.####.#


There were no monsters in sight!

Vanquished Creatures
  the Royal Jelly (Slime:5)
  A dread lich (Vaults:4)
  Mara (Spider:4)
  2 juggernauts
  Bai Suzhen (Swamp:4)
  the Lernaean hydra (Swamp:4)
  A curse toe (Zot:5)
  4 golden dragons
  Nikola (Elf:3)
  Arachne (Spider:2)
  2 bone dragons (Depths:4)
  Jorgrun (Orc:1)
  8 tentacled monstrosities
  Asterion (Vaults:2)
  6 liches
  A walking earthen tome (Depths:2)
  13 Orb Guardians (Zot:5)
  4 deep elf blademasters
  A walking divine tome (Depths:2)
  9 acid blobs
  4 titans
  4 sphinxes
  3 deep elf master archers (Elf:3)
  4 ancient champions
  Frances (Swamp:1)
  Roxanne (Spider:4)
  A death cob (Zot:1)
  5 tengu reavers
  5 shadow dragons
  2 thorn hunters
  3 storm dragons
  9 fire giants
  The ghost of KingMieszko3 the Severer, a journeyman MiBe of Trog (Swamp:2)
  The ghost of Maiffull the Brawler, a journeyman TrMo of Zin (D:14)
  7 azure jellies
  8 rockslimes
  8 emperor scorpions
  6 deep elf sorcerers (Elf:3)
  6 frost giants
  An iron dragon (Depths:3)
  3 cacodemons
  A draconian scorcher (Zot:3)
  3 curse skulls
  A balrug (D:13)
  4 ghost moths
  11 vault wardens
  Louise (Spider:1)
  7 ironbound preservers
  8 deep elf elementalists (Elf:3)
  3 spriggan defenders
  10 quicksilver oozes
  A draconian shifter (Depths:4)
  4 reapers (Depths:3)
  2 orc warlords
  A draconian annihilator (Depths:4)
  10 ironbound thunderhulks
  2 war gargoyles (Vaults:3)
  8 stone giants
  2 draconian stormcallers
  5 ghouls
  16 very ugly things
  A black draconian (Depths:4)
  8 deep elf demonologists
  10 vampire knights
  2 broodmothers
  A green draconian (Depths:4)
  2 red draconians (Depths:4)
  8 eleionomae
  28 dire elephants
  12 deep elf annihilators
  2 purple draconians (Depths:4)
  6 spark wasps
  3 bunyips
  5 deep elf death magi
  4 ettins
  3 eidola
  6 fire dragons
  2 crystal guardians (Vaults:4)
  A green death (Depths:4)
  Josephine (D:10)
  7 mummy priests (Crypt:3)
  An entropy weaver (shapeshifter) (Depths:2)
  5 jiangshi
  A merfolk javelineer (Depths:4)
  A shambling mangrove (Swamp:2)
  5 entropy weavers
  8 yaktaur captains
  7 great orbs of eyes
  7 deep elf high priests
  5 ice dragons
  8 vault guards
  Harold (D:10)
  2 spriggan skeletons
  A jorogumo (Spider:1)
  4 radroaches
  A ghost crab (Swamp:4)
  2 peacekeepers
  9 ironbound frosthearts
  19 hydras
  A rakshasa (Depths:3)
  Erica (Orc:1)
  3 spriggan air magi
  4 catoblepae
  4 centaur warriors
  An ogre mage (D:15)
  3 death knights
  10 two-headed ogres
  2 boulder beetles
  2 tengu warriors
  17 alligators
  17 dancing weapons
  11 death yaks
  10 vampire magi
  Urug (Lair:1)
  6 deep troll earth magi
  6 deep troll shamans
  5 spriggan berserkers
  An orc high priest (Orc:1)
  An emperor scorpion zombie (Crypt:2)
  4 soul eaters
  A quicksilver ooze zombie (Crypt:1)
  16 deep elf knights
  Sonja (Lair:2)
  A storm dragon skeleton (Depths:3)
  2 salamander mystics
  29 skeletal warriors
  9 iron trolls
  2 shadow wraiths
  A storm dragon zombie (Crypt:1)
  8 pharaoh ants
  6 goliath frogs
  2 sun moths
  3 flayed ghosts
  A golden dragon zombie (D:15)
  9 orb spiders
  A sixfirhy (D:13)
  10 swamp dragons
  4 spriggan druids
  32 deep trolls
  6 steelbarb worms
  2 tengu zombies
  A shadow demon (Depths:2)
  8 orc knights
  7 glowing orange brains
  21 bog bodies
  6 deep elf archers
  4 harpies
  17 ironbound convokers
  5 phantasmal warriors
  A golden dragon skeleton (Depths:3)
  11 lindwurms
  23 deep elf pyromancers
  23 deep elf zephyrmancers
  The ghost of Xtruder99 the Ducker, a novice GnMo of Cheibriados (D:6)
  9 necromancers
  14 wizards
  A tengu skeleton (Vaults:4)
  15 wolf spiders
  5 manticores
  7 orc sorcerers
  2 cyclopes
  2 frost giant zombies
  2 will-o-the-wisps
  A cyclops (shapeshifter) (Elf:3)
  5 shining eyes
  41 ugly things
  9 moths of wrath
  2 human skeletons (Vaults:4)
  5 salamanders
  14 elephants
  3 black mambas
  7 centaur zombies (D:11)
  A fire giant skeleton (Depths:3)
  An eye of devastation (Slime:5)
  A smoke demon (D:13)
  3 torpor snails
  2 rust devils
  10 vault sentinels
  An ice statue (IceCv)
  A spriggan zombie (D:15)
  16 cane toads
  7 kobold demonologists
  A naga skeleton (Crypt:2)
  3 orange demons
  A yellow draconian zombie (Crypt:3)
  7 rime drakes
  6 demonic crawlers
  30 yaktaurs
  A yaktaur skeleton (Vaults:3)
  An efreet (D:14)
  Psyche (D:9)
  4 komodo dragons
  A hellwing (Depths:4)
  5 freezing wraiths
  A redback zombie (Crypt:2)
  A white draconian skeleton (Crypt:3)
  4 ice devils
  An alligator snapping turtle skeleton (Crypt:3)
  A tengu conjurer (D:15)
  9 trolls
  42 guardian mummies
  A bloated husk (Swamp:4)
  11 polar bears
  13 meliai
  A queen bee (Zot:5)
  21 hornets
  8 tyrant leeches
  3 nameless horrors
  A harpy skeleton (Crypt:2)
  74 slime creatures
  Prince Ribbit (D:6)
  A wolf spider simulacrum (D:14)
  10 dream sheep
  39 tarantellas
  8 blink frogs (Lair:2)
  A stone giant simulacrum (Vaults:3)
  A meliai zombie (D:11)
  A jumping spider (shapeshifter) (Elf:2)
  9 flying skulls (Crypt:3)
  30 jumping spiders
  5 centaur simulacra (D:14)
  7 ushabtiu (Crypt:3)
  21 culicivoras
  7 water elementals (Depths:2)
  A ynoxinul (Depths:2)
  An elf simulacrum (Vaults:4)
  4 shadows
  Sigmund (D:4)
  2 air elementals
  24 spriggans
  A dire elephant simulacrum (Crypt:2)
  7 vampires
  69 yaks
  6 wyverns
  4 basilisks
  12 wraiths
  The ghost of FabledHydra the Chopper, an amateur MiFi (D:4)
  7 fire elementals
  A yak (shapeshifter) (D:13)
  10 golden eyes
  23 humans (D:13)
  An elf zombie (Vaults:3)
  3 steam dragons
  92 redbacks
  Grum (D:10)
  2 chaos spawn
  A neqoxec (Depths:4)
  10 vampire mosquitoes
  6 wargs
  4 swamp worms
  A deep troll zombie (Crypt:3)
  2 naga zombies
  11 water moccasins
  A cane toad zombie (Crypt:3)
  A floating eye (shapeshifter) (D:14)
  46 orc warriors
  A hornet zombie (Ossuary)
  10 swamp drakes
  2 black bears
  A merfolk skeleton (Crypt:2)
  2 sky beasts
  A meliai simulacrum (D:14)
  2 glowing shapeshifter skeletons
  An ettin simulacrum (Vaults:4)
  The ghost of DEFE the Trooper, an amateur DsWn (D:3)
  8 ogres
  An ice beast (D:7)
  A swamp dragon skeleton (Crypt:1)
  32 wolves
  8 centaurs (Orc:2)
  A lindwurm skeleton (Crypt:2)
  2 phantoms
  5 kobold brigands
  12 bullfrogs
  7 necrophages
  An earth elemental (Elf:3)
  A gnoll sergeant (D:9)
  2 water moccasin zombies
  5 scorpions
  6 wights
  A troll zombie (D:12)
  9 killer bees
  2 electric eels (D:10)
  A howler monkey (D:9)
  A wolf skeleton (Crypt:1)
  A bullfrog zombie (D:5)
  3 jellies
  2 human zombies
  15 orc priests
  2 hounds (D:5)
  2 centaur skeletons (D:6)
  2 gnoll boudas (D:8)
  Ijyb (D:4)
  A black bear skeleton (Crypt:3)
  A boggart zombie (D:11)
  19 orc wizards
  Natasha (twice) (D:3)
  A killer bee zombie (D:4)
  7 ogre zombies (D:12)
  An ogre skeleton (Crypt:1)
  An acid dragon skeleton (Crypt:3)
  2 hound zombies (D:5)
  12 mummies
  4 howler monkey zombies
  14 gnolls
  A howler monkey skeleton (D:4)
  6 adders
  14 white imps
  A howler monkey simulacrum (D:6)
  An ufetubus (D:7)
  An adder zombie (D:5)
  An iguana zombie (Crypt:1)
  A lava snake skeleton (Crypt:2)
  3 worms
  2 dart slugs
  71 orcs
  5 ball pythons
  6 bats
  3 endoplasms
  3 giant cockroaches
  A gnoll zombie (Crypt:2)
  7 goblins
  9 hobgoblins
  5 jackals
  23 kobolds
  4 quokkas
  2 frilled lizards
  2 goblin skeletons (D:12)
  4 goblin zombies
  3 hobgoblin skeletons
  A hobgoblin zombie (D:12)
  A jackal zombie (Crypt:3)
  A kobold zombie (D:5)
  2 orc skeletons (D:12)
  15 orc zombies (D:12)
  4 rats
  2 briar patches (Swamp:4)
2188 creatures vanquished.

Vanquished Creatures (collateral kills)
  2 dread liches
  A juggernaut (Depths:2)
  A royal mummy (Crypt:3)
  Sojobo (Crypt:3)
  Saint Roka (Depths:2)
  2 electric golems (Zot:5)
  A tentacled monstrosity (Zot:5)
  A walking divine tome (Depths:2)
  5 Orb Guardians (Zot:5)
  A walking earthen tome (Depths:2)
  A quicksilver dragon (Zot:2)
  A deep elf master archer (Elf:3)
  A titan (Vaults:4)
  2 death cobs
  An acid blob (Slime:5)
  A sphinx (Depths:2)
  A storm dragon (Vaults:4)
  2 shadow dragons
  A daeva (Zot:3)
  5 frost giants
  2 rockslimes (Slime:5)
  A vault warden (Vaults:4)
  Aizul (Depths:1)
  2 fire giants (Depths:2)
  A ghost moth (Zot:5)
  A caustic shrike zombie (Depths:3)
  An orc warlord (Orc:2)
  3 ironbound preservers
  2 ironbound thunderhulks
  2 very ugly things
  4 stone giants
  An eleionoma (Swamp:2)
  A bunyip (Swamp:3)
  4 dire elephants
  2 deep elf annihilators (Elf:3)
  A green death (Depths:3)
  An ettin (Depths:2)
  A deep elf death mage (Elf:3)
  A fire dragon (Depths:1)
  A deep elf high priest (Elf:3)
  3 spriggan air magi
  2 yaktaur captains
  3 ice dragons
  A caustic shrike simulacrum (Depths:3)
  3 ironbound frosthearts
  A deep troll shaman (Depths:4)
  A spriggan berserker (Depths:3)
  2 vampire magi
  An iron troll (Depths:4)
  7 deep trolls
  A flayed ghost (Depths:2)
  A glowing orange brain (Depths:2)
  A wizard (Vaults:3)
  A swamp dragon (Swamp:2)
  An ironbound convoker (Vaults:3)
  A deep elf pyromancer (Elf:3)
  A human zombie (Vaults:3)
  2 harpies (Vaults:3)
  4 ugly things
  A necromancer (Vaults:3)
  4 moths of wrath
  A salamander (Depths:2)
  A vault sentinel (Vaults:2)
  A cane toad (Lair:1)
  A yaktaur (Vaults:3)
  5 slime creatures (Slime:5)
  A yak (Lair:1)
  A fire elemental (Elf:3)
  A swamp worm (Swamp:4)
  A swamp drake (Swamp:2)
  An ogre (Depths:2)
  2 orc priests (Depths:2)
  2 orcs (D:5)
125 creatures vanquished.

Vanquished Creatures (others)
  2 ancient liches (Zot:5)
  3 orbs of fire (Zot:5)
  4 Killer Klowns (Zot:5)
  A golden dragon (Zot:5)
  2 electric golems (Zot:1)
  5 tentacled monstrosities
  7 Orb Guardians (Zot:5)
  2 death cobs (Zot:1)
  A rockslime (Zot:5)
  A draconian scorcher (Zot:5)
  A draconian shifter (Zot:5)
  2 purple draconians
  A red draconian (Zot:5)
  A green draconian (Zot:5)
  A blizzard demon (D:13)
  A guardian mummy (Crypt:3)
  A bloated husk (Swamp:4)
  A polar bear (IceCv)
  A swamp worm (shapeshifter) (Depths:4)
  8 foxfires
  18 fungi
  36 plants
  10 toadstools (Lair:3)
  20 withered plants
130 creatures vanquished.

Grand Total: 2443 creatures vanquished

Notes
Turn   | Place    | Note
-------+----------+-------------------------------------------
     0 | D:1      | mrw0lf the Gnoll Brigand began the quest for the Orb.
     0 | D:1      | Reached XP level 1. HP: 20/20 MP: 1/1
   161 | D:1      | Reached XP level 2. HP: 26/26 MP: 2/2
   237 | D:1      | You fall into a shaft and drop 1 floor!
   237 | D:2      | Found an ancient bone altar of Kikubaaqudgha.
   424 | D:2      | Reached XP level 3. HP: 31/31 MP: 3/3
   632 | D:1      | Reached skill level 1 in Invocations
  1189 | D:2      | Reached skill level 1 in Long Blades
  1189 | D:2      | Reached skill level 1 in Axes
  1189 | D:2      | Reached skill level 1 in Maces & Flails
  1189 | D:2      | Reached skill level 1 in Polearms
  1189 | D:2      | Reached skill level 1 in Staves
  1189 | D:2      | Reached skill level 1 in Ranged Weapons
  1189 | D:2      | Reached skill level 1 in Armour
  1189 | D:2      | Reached skill level 1 in Shields
  1189 | D:2      | Reached skill level 1 in Unarmed Combat
  1189 | D:2      | Reached skill level 1 in Spellcasting
  1189 | D:2      | Reached skill level 1 in Evocations
  1415 | D:2      | Reached XP level 4. HP: 38/38 MP: 5/5
  1524 | D:3      | Reached skill level 1 in Conjurations
  1524 | D:3      | Reached skill level 1 in Hexes
  1524 | D:3      | Reached skill level 1 in Summonings
  1524 | D:3      | Reached skill level 1 in Necromancy
  1524 | D:3      | Reached skill level 1 in Translocations
  1524 | D:3      | Reached skill level 1 in Transmutations
  1524 | D:3      | Reached skill level 1 in Fire Magic
  1524 | D:3      | Reached skill level 1 in Ice Magic
  1524 | D:3      | Reached skill level 1 in Air Magic
  1524 | D:3      | Reached skill level 1 in Earth Magic
  1524 | D:3      | Reached skill level 1 in Poison Magic
  1860 | D:2      | Reached XP level 5. HP: 25/43 MP: 7/7
  2128 | D:3      | Noticed Natasha
  2143 | D:3      | Killed Natasha
  2344 | D:3      | Found a runed translucent gate.
  2346 | D:3      | Found a runed translucent gate.
  2346 | D:3      | Found a runed translucent gate.
  2347 | D:3      | Noticed DEFE's ghost (amateur DsWn)
  2347 | D:3      | Noticed a kobold brigand
  2495 | D:3      | Noticed Natasha
  2508 | D:3      | Killed Natasha
  2757 | D:4      | Found a transporter.
  2758 | D:4      | Noticed FabledHydra's ghost (amateur MiFi)
  2781 | D:4      | Noticed Sigmund
  2819 | D:4      | Found a radiant altar of Vehumet.
  3148 | D:4      | Noticed Ijyb
  3166 | D:4      | Killed Ijyb
  3167 | D:4      | Reached XP level 6. HP: 48/50 MP: 8/8
  3365 | D:5      | Entered Level 5 of the Dungeon
  3365 | D:5      | Found Ebrip's Book Shoppe.
  3368 | D:5      | Reached skill level 5 in Fighting
  3368 | D:5      | Reached skill level 5 in Short Blades
  3368 | D:5      | Reached skill level 5 in Throwing
  3429 | D:5      | Found an ancient bone altar of Kikubaaqudgha.
  3434 | D:5      | Reached XP level 7. HP: 49/56 MP: 10/10
  3523 | D:5      | Found an opulent altar of Gozag.
  3647 | D:5      | Found Keadaxtupa's Antique Weapon Shop.
  3664 | D:5      | Found Poggas's Distillery.
  3680 | D:5      | Reached XP level 8. HP: 63/63 MP: 12/12
  3708 | D:5      | Bought a potion of curing for 45 gold pieces
  3721 | D:5      | Found Nymi's Distillery.
  3811 | D:5      | Found Aphuuh's Assorted Antiques.
  3937 | D:5      | Found a broken altar of Ashenzari.
  3960 | D:5      | Found a sand-covered staircase.
  3971 | Ossuary  | Entered an ossuary
  4476 | D:5      | Bought a potion of degeneration for 11 gold pieces
  4476 | D:5      | Bought a potion of curing for 33 gold pieces
  4855 | D:5      | Became a worshipper of Gozag Ym Sagoz the Greedy
  4889 | D:6      | Found a runed translucent gate.
  4935 | D:6      | Found a runed translucent gate.
  4936 | D:6      | Found a runed translucent gate.
  4937 | D:6      | Noticed Xtruder99's ghost (novice GnMo)
  4987 | D:6      | Found a basalt altar of Yredelemnul.
  4989 | D:6      | Noticed a profane servitor
  5471 | D:6      | Found a glowing golden altar of the Shining One.
  5473 | D:6      | Noticed an angel
  5500 | D:6      | Reached skill level 6 in Throwing
  5614 | D:6      | Noticed Prince Ribbit
  5737 | D:6      | Reached XP level 9. HP: 66/69 MP: 14/14
  6196 | D:7      | Reached skill level 5 in Dodging
  6737 | D:6      | Found a staircase to the Ecumenical Temple.
  7012 | D:7      | Reached skill level 5 in Invocations
  7231 | D:5      | Bought a glowing arbalest for 135 gold pieces
  7266 | D:5      | Bought a potion of lignification for 33 gold pieces
  7266 | D:5      | Bought a potion of might for 44 gold pieces
  7968 | D:4      | Killed Sigmund
  8539 | D:8      | Reached skill level 5 in Long Blades
  8539 | D:8      | Reached skill level 5 in Axes
  8539 | D:8      | Reached skill level 5 in Maces & Flails
  8539 | D:8      | Reached skill level 5 in Polearms
  8539 | D:8      | Reached skill level 5 in Staves
  8539 | D:8      | Reached skill level 5 in Ranged Weapons
  8539 | D:8      | Reached skill level 5 in Armour
  8539 | D:8      | Reached skill level 5 in Shields
  8539 | D:8      | Reached skill level 5 in Unarmed Combat
  8539 | D:8      | Reached skill level 5 in Spellcasting
  8539 | D:8      | Reached skill level 5 in Evocations
  8539 | D:8      | Reached XP level 10. HP: 77/77 MP: 17/17
  8604 | D:8      | Identified the +6 hand axe of Gix Bituju {spect, rElec
                  | Str+6}
  8671 | D:8      | Reached skill level 7 in Throwing
  8736 | D:8      | Found a hazy altar of Hepliaklqana.
  8871 | D:8      | Found a burning altar of Makhleb.
  9254 | D:8      | Found a sacrificial altar of Ru.
  9449 | D:8      | Found Leanif's Book Emporium.
  9484 | D:9      | Found a staircase to the Lair.
  9688 | D:9      | Found a glowing silver altar of Zin.
  9700 | D:9      | Noticed Psyche
  9705 | D:9      | Killed Psyche
  9785 | D:9      | Found a hide-covered altar of Uskayaw.
 10495 | D:10     | Entered Level 10 of the Dungeon
 10572 | D:10     | Noticed Josephine
 10634 | D:10     | Noticed Grum
 10641 | D:10     | Killed Grum
 10875 | D:10     | Reached skill level 5 in Conjurations
 10875 | D:10     | Reached skill level 5 in Hexes
 10875 | D:10     | Reached skill level 5 in Summonings
 10875 | D:10     | Reached skill level 5 in Necromancy
 10875 | D:10     | Reached skill level 5 in Translocations
 10875 | D:10     | Reached skill level 5 in Transmutations
 10875 | D:10     | Reached skill level 5 in Fire Magic
 10875 | D:10     | Reached skill level 5 in Ice Magic
 10875 | D:10     | Reached skill level 5 in Air Magic
 10875 | D:10     | Reached skill level 5 in Earth Magic
 10875 | D:10     | Reached skill level 5 in Poison Magic
 10875 | D:10     | Reached XP level 11. HP: 85/85 MP: 20/20
 10890 | D:10     | Reached skill level 10 in Stealth
 11160 | D:10     | Noticed Harold
 11953 | D:11     | Reached skill level 8 in Throwing
 12100 | D:11     | Noticed a two-headed ogre
 12120 | D:10     | Killed a two-headed ogre
 12715 | D:10     | Killed Harold
 13473 | D:10     | Identified a scroll of acquirement
 13582 | D:5      | Bought a potion of resistance for 110 gold pieces
 13582 | D:5      | Bought a potion of haste for 110 gold pieces
 13615 | D:5      | Bought a scroll of fear for 100 gold pieces
 13615 | D:5      | Bought a tiny platinum amulet for 125 gold pieces
 13615 | D:5      | Bought a coral ring for 125 gold pieces
 13615 | D:5      | Bought a scroll labelled QOIXAU MOMPIMO for 25 gold pieces
 13625 | D:5      | Reached XP level 12. HP: 94/94 MP: 21/23
 13780 | D:11     | Reached skill level 9 in Throwing
 14651 | D:11     | Noticed a sun demon
 14924 | Lair:1   | Entered Level 1 of the Lair of Beasts
 15067 | Lair:1   | Reached XP level 13. HP: 101/101 MP: 24/24
 15083 | Lair:1   | Noticed Urug
 15102 | Lair:1   | Killed Urug
 16324 | Lair:2   | Found a hole to the Spider Nest.
 16351 | Lair:2   | Found a staircase to the Swamp.
 16378 | Lair:2   | Noticed Sonja
 16399 | Lair:2   | Killed Sonja
 16433 | Lair:2   | Found a frozen archway.
 16504 | IceCv    | Entered an ice cave
 17201 | IceCv    | Noticed a frost giant
 17230 | IceCv    | Killed a frost giant
 17245 | IceCv    | Reached skill level 10 in Fighting
 17245 | IceCv    | Reached skill level 10 in Short Blades
 17245 | IceCv    | Reached skill level 10 in Throwing
 17811 | IceCv    | Reached XP level 14. HP: 105/110 MP: 26/26
 18514 | Lair:2   | Reached skill level 10 in Invocations
 20299 | Lair:3   | Found a runed translucent door.
 21249 | Lair:4   | Reached skill level 10 in Dodging
 21796 | Lair:4   | Identified the +5 chain mail "Custraeq" {-Tele rC+ Dex+2
                  | Slay+3}
 22104 | Lair:5   | Entered Level 5 of the Lair of Beasts
 23203 | Lair:5   | Reached XP level 15. HP: 100/117 MP: 28/28
 23289 | Lair:5   | Reached skill level 11 in Throwing
 23295 | Lair:5   | Reached skill level 10 in Long Blades
 23295 | Lair:5   | Reached skill level 10 in Axes
 23295 | Lair:5   | Reached skill level 10 in Maces & Flails
 23295 | Lair:5   | Reached skill level 10 in Polearms
 23295 | Lair:5   | Reached skill level 10 in Staves
 23295 | Lair:5   | Reached skill level 10 in Ranged Weapons
 23295 | Lair:5   | Reached skill level 10 in Armour
 23295 | Lair:5   | Reached skill level 10 in Shields
 23295 | Lair:5   | Reached skill level 10 in Unarmed Combat
 23295 | Lair:5   | Reached skill level 10 in Spellcasting
 23295 | Lair:5   | Reached skill level 10 in Evocations
 24063 | Lair:5   | Found a viscous altar of Jiyva.
 24063 | Lair:5   | Found a staircase to the Slime Pits.
 25357 | D:12     | Found a staircase to the Orcish Mines.
 26151 | Orc:1    | Entered Level 1 of the Orcish Mines
 26264 | Orc:1    | Noticed Erica
 26277 | Orc:1    | Noticed Jorgrun
 26299 | Orc:1    | Killed Jorgrun
 27250 | Orc:1    | Killed Erica
 27398 | Orc:2    | Entered Level 2 of the Orcish Mines
 27989 | Orc:2    | Noticed an orc warlord
 28017 | Orc:2    | Killed an orc warlord
 29316 | Orc:2    | Found Ceugyore's Armour Emporium.
 29522 | Orc:2    | Paralysed by an orc sorcerer for 3 turns
 29695 | Orc:2    | Found a staircase to the Elven Halls.
 29730 | Orc:2    | Found Onking's Jewellery Shop.
 29730 | Orc:2    | Found Ciacas's Assorted Antiques.
 29732 | Orc:2    | Found Hiceuw's Weapon Shoppe.
 29734 | Orc:2    | Found Oreonn's Antique Armour Boutique.
 30269 | Orc:1    | Noticed an orc warlord
 30283 | Orc:1    | Killed an orc warlord
 31180 | Orc:2    | Bought a ring of wizardry for 360 gold pieces
 31180 | Orc:2    | Bought the ring of Fiywkouf {Drain rElec rF++ rC+++ Dex+6}
                  | for 1162 gold pieces
 31180 | Orc:2    | Bought the ring "Bisaybew" {Contam rPois rN+ Will+ Int+2}
                  | for 424 gold pieces
 31899 | D:13     | Reached XP level 16. HP: 125/127 MP: 30/30
 32740 | D:13     | Found a gate to the Vaults.
 32757 | D:13     | Learned a level 3 spell: Swiftness
 33605 | D:14     | Reached skill level 12 in Throwing
 33941 | D:14     | Found a stormy altar of Qazlal.
 33950 | D:14     | Found a runed translucent gate.
 33951 | D:14     | Found a runed translucent gate.
 33951 | D:14     | Found a runed translucent gate.
 34044 | D:14     | Noticed Maiffull's ghost (journeyman TrMo)
 34217 | D:14     | Found a sacrificial altar of Ru.
 34449 | D:14     | Acquired the +9 staff of Wucad Mu {*channel}
 34449 | D:14     | Found the +9 staff of Wucad Mu {*channel}
 34451 | D:14     | Acquired 537 gold pieces
 34453 | D:14     | Acquired the +0 pair of gloves of Responsibility {rN+++
                  | Int+4 Dex+5 Stlth-}
 34752 | D:15     | Entered Level 15 of the Dungeon
 36169 | D:15     | Found a staircase to the Depths.
 37204 | D:8      | Bought a Young Poisoner's Handbook for 220 gold pieces
 37204 | D:8      | Bought a book of the Earth for 396 gold pieces
 37321 | D:6      | Killed Xtruder99's ghost
 37369 | D:5      | Bought the Compendium of Putrid Transmigration for 494 gold
                  | pieces
 37374 | D:5      | Learned a level 4 spell: Olgreb's Toxic Radiance
 37378 | D:5      | Learned a level 3 spell: Ignite Poison
 37404 | D:5      | Learned a level 5 spell: Borgnjor's Vile Clutch
 37411 | D:5      | Learned a level 6 spell: Statue Form
 38379 | Spider:1 | Entered Level 1 of the Spider Nest
 38716 | Spider:1 | Reached XP level 17. HP: 135/135 MP: 24/32
 38797 | Spider:1 | Identified the amulet "Hoptean" {Regen+ rCorr Str+3 Int-2}
 39140 | Spider:1 | Noticed Louise
 39146 | Spider:1 | Killed Louise
 39180 | Spider:1 | Reached skill level 10 in Conjurations
 39180 | Spider:1 | Reached skill level 10 in Hexes
 39180 | Spider:1 | Reached skill level 10 in Summonings
 39180 | Spider:1 | Reached skill level 10 in Necromancy
 39180 | Spider:1 | Reached skill level 10 in Translocations
 39180 | Spider:1 | Reached skill level 10 in Transmutations
 39180 | Spider:1 | Reached skill level 10 in Fire Magic
 39180 | Spider:1 | Reached skill level 10 in Ice Magic
 39180 | Spider:1 | Reached skill level 10 in Air Magic
 39180 | Spider:1 | Reached skill level 10 in Earth Magic
 39180 | Spider:1 | Reached skill level 10 in Poison Magic
 40553 | Spider:2 | Noticed Arachne
 40569 | Spider:2 | Killed Arachne
 41577 | Spider:2 | Reached skill level 13 in Throwing
 42085 | Swamp:1  | Entered Level 1 of the Swamp
 42433 | Swamp:1  | Noticed Frances
 42489 | Lair:2   | Learned a level 6 spell: Death Channel
 42671 | Swamp:1  | Killed Frances
 43336 | Swamp:2  | Found a transporter.
 43348 | Swamp:2  | Found a bloodstained altar of Trog.
 43356 | Swamp:2  | Noticed KingMieszko3's ghost (journeyman MiBe)
 43378 | Swamp:2  | Reached XP level 18. HP: 140/140 MP: 24/34
 43379 | Swamp:2  | Found a transporter.
 44934 | Swamp:4  | Entered Level 4 of the Swamp
 45549 | Swamp:4  | Noticed the 27-headed Lernaean hydra
 45566 | Swamp:4  | Killed the 27-headed Lernaean hydra
 45680 | Swamp:4  | Got a decaying rune of Zot
 46004 | Swamp:4  | Reached skill level 15 in Stealth
 46024 | Swamp:4  | Noticed Bai Suzhen
 46302 | D:13     | Gained mutation: You are frail. (-10% HP) [a cacodemon]
 46644 | D:3      | Killed DEFE's ghost
 46742 | D:4      | Found a transporter.
 46757 | D:4      | Killed FabledHydra's ghost
 46851 | D:6      | Killed Prince Ribbit
 46979 | D:7      | Found the +5 robe of Night {Dark Will+ SInv}
 47151 | D:10     | Killed Josephine
 47419 | D:13     | Identified the +7 falchion of the Egg {venom, rElec SInv}
 47419 | D:13     | Identified the ring of Wousympa {rC+ Will+ MP+9 Stlth+}
 47572 | D:13     | Found a burning altar of Makhleb.
 47753 | D:13     | Gained mutation: You are partially covered in iridescent
                  | scales. (AC +2) [mutagenic glow]
 48264 | Lair:3   | Reached XP level 19. HP: 121/135 MP: 36/36
 49595 | Spider:3 | Reached skill level 14 in Throwing
 50530 | Spider:4 | Entered Level 4 of the Spider Nest
 51029 | Spider:4 | Noticed Roxanne
 51695 | Spider:4 | Noticed Mara
 51849 | Spider:4 | Noticed mrw0lf's illusion
 51890 | Spider:4 | Killed Mara
 52420 | Spider:4 | Killed Roxanne
 53511 | Spider:4 | Reached skill level 15 in Invocations
 53511 | Spider:4 | Reached XP level 20. HP: 144/144 MP: 37/37
 53533 | Spider:4 | Got a gossamer rune of Zot
 54019 | Elf:1    | Entered Level 1 of the Elven Halls
 54071 | Elf:1    | Learned a level 5 spell: Yara's Violent Unravelling
 54478 | Elf:1    | Found Gogel's General Store.
 54478 | Elf:1    | Found Amniag's Jewellery Shoppe.
 54479 | Elf:1    | Found Feceg's Antique Armour Emporium.
 54483 | Elf:1    | Bought a pair of glowing boots for 172 gold pieces
 54488 | Elf:1    | Found Jitusux's Armour Shoppe.
 54500 | Elf:1    | Bought a scroll of blinking for 120 gold pieces
 54505 | Elf:1    | Bought a +2 cloak for 264 gold pieces
 54743 | Elf:1    | Got the Guidebook on the Salvo
 55930 | Elf:2    | Reached XP level 21. HP: 123/149 MP: 17/39
 56157 | Elf:2    | Found a runed translucent gate.
 56159 | Elf:2    | Found a runed translucent gate.
 56159 | Elf:2    | Found a runed translucent gate.
 57998 | Vaults:1 | Entered Level 1 of the Vaults
 58364 | Vaults:1 | Reached skill level 15 in Fighting
 58364 | Vaults:1 | Reached skill level 15 in Short Blades
 58364 | Vaults:1 | Reached skill level 15 in Throwing
 58602 | Vaults:1 | Identified the +9 hand axe of Hiorghibiw {freeze, Contam
                  | rN+ Str+2 Stlth+}
 58880 | Vaults:1 | Acquired the Book of Solid Invitation
 59238 | Swamp:3  | Learned a level 7 spell: Storm Form
 59505 | D:14     | Killed Maiffull's ghost
 60402 | Vaults:1 | Identified the +5 short sword of Income {speed, rPois Int-4
                  | Dex+8}
 61123 | Vaults:2 | Noticed Asterion
 61655 | Vaults:2 | Reached XP level 22. HP: 121/158 MP: 21/40
 61809 | Vaults:2 | Reached skill level 15 in Dodging
 61921 | Vaults:2 | Found a staircase to the Crypt.
 61921 | Vaults:2 | Found an ancient bone altar of Kikubaaqudgha.
 61921 | Vaults:2 | Found a basalt altar of Yredelemnul.
 62121 | Vaults:2 | Killed Asterion
 62924 | Vaults:3 | Reached skill level 15 in Long Blades
 62924 | Vaults:3 | Reached skill level 15 in Axes
 62924 | Vaults:3 | Reached skill level 15 in Maces & Flails
 62924 | Vaults:3 | Reached skill level 15 in Polearms
 62924 | Vaults:3 | Reached skill level 15 in Staves
 62924 | Vaults:3 | Reached skill level 15 in Ranged Weapons
 62924 | Vaults:3 | Reached skill level 15 in Armour
 62924 | Vaults:3 | Reached skill level 15 in Shields
 62924 | Vaults:3 | Reached skill level 15 in Unarmed Combat
 62924 | Vaults:3 | Reached skill level 15 in Spellcasting
 62924 | Vaults:3 | Reached skill level 15 in Evocations
 63462 | Vaults:3 | You are sucked into a shaft and drop 1 floor!
 63691 | Vaults:3 | Got the Reference Book on the Caves and the Oath
 65256 | Vaults:4 | Found a huge runed gate.
 65256 | Vaults:4 | Found a huge runed gate.
 65256 | Vaults:4 | Found a huge runed gate.
 65256 | Vaults:4 | Found a huge runed gate.
 65256 | Vaults:4 | Found a huge runed gate.
 65256 | Vaults:4 | Found a huge runed gate.
 65257 | Vaults:4 | Found a huge runed gate.
 65257 | Vaults:4 | Found a huge runed gate.
 65257 | Vaults:4 | Found a huge runed gate.
 65257 | Vaults:4 | Found a huge runed gate.
 65257 | Vaults:4 | Found a huge runed gate.
 65258 | Vaults:4 | Found a huge runed gate.
 65259 | Vaults:4 | Found a huge runed gate.
 65260 | Vaults:4 | Found a huge runed gate.
 65273 | Vaults:4 | Found a huge runed gate.
 65273 | Vaults:4 | Found a huge runed gate.
 65273 | Vaults:4 | Found a huge runed gate.
 65273 | Vaults:4 | Found a huge runed gate.
 65273 | Vaults:4 | Found a huge runed gate.
 65274 | Vaults:4 | Found a huge runed gate.
 65275 | Vaults:4 | Found a huge runed gate.
 65276 | Vaults:4 | Found a huge runed gate.
 65277 | Vaults:4 | Found a huge runed gate.
 65285 | Vaults:4 | Found a huge runed gate.
 65285 | Vaults:4 | Found a huge runed gate.
 65285 | Vaults:4 | Found a huge runed gate.
 65285 | Vaults:4 | Found a huge runed gate.
 65285 | Vaults:4 | Found a huge runed gate.
 65285 | Vaults:4 | Found a huge runed gate.
 65286 | Vaults:4 | Found a huge runed gate.
 65287 | Vaults:4 | Found a huge runed gate.
 65288 | Vaults:4 | Found a huge runed gate.
 65296 | Vaults:4 | Found a huge runed gate.
 65296 | Vaults:4 | Found a huge runed gate.
 65296 | Vaults:4 | Found a huge runed gate.
 65296 | Vaults:4 | Found a huge runed gate.
 65305 | Vaults:4 | Found Toqipneidgh's General Store.
 65313 | Vaults:4 | Reached skill level 16 in Throwing
 65331 | Vaults:4 | Bought a scroll of enchant weapon for 135 gold pieces
 65691 | Vaults:4 | Found Nemaxuan's Book Boutique.
 65710 | Vaults:4 | Bought a manual of Throwing for 1520 gold pieces
 65710 | Vaults:4 | Bought a book of Minor Magic for 342 gold pieces
 65721 | Vaults:4 | Learned a level 7 spell: Haunt
 65725 | Vaults:4 | Learned a level 3 spell: Mephitic Cloud
 65806 | Vaults:4 | Reached XP level 23. HP: 165/165 MP: 29/42
 66071 | Vaults:4 | Found Nasiap's Jewellery Emporium.
 66578 | Vaults:4 | Found Itwouqe's Jewellery Shoppe.
 66719 | Vaults:4 | Identified the +5 shortbow of Pialut {flame, rF+ rCorr
                  | Str-3}
 66926 | Vaults:4 | Noticed a dread lich
 66940 | Vaults:4 | Killed a dread lich
 66990 | Vaults:4 | Identified the ring of Cowardice {rC+ rN++}
 66994 | Vaults:4 | Identified the +5 hand axe "Roilevio" {venom, Drain rC++
                  | Will- Int+9}
 66995 | Vaults:4 | Identified the +10 flail of Plog {antimagic, Str+2}
 67238 | D:15     | Acquired the ring of Ollig {Ice rCorr Slay+3 SInv}
 67241 | D:15     | Acquired 868 gold pieces
 67858 | Crypt:1  | Entered Level 1 of the Crypt
 68780 | Crypt:1  | Learned a level 4 spell: Manifold Assault
 69261 | Crypt:2  | Reached skill level 17 in Throwing
 70464 | Crypt:3  | Entered Level 3 of the Crypt
 70524 | Crypt:3  | Noticed Boris
 71927 | Crypt:3  | Reached XP level 24. HP: 85/173 MP: 43/43
 72418 | Crypt:3  | Found a shimmering altar of Xom.
 72596 | Crypt:3  | Noticed a royal mummy
 72606 | Crypt:3  | Killed a royal mummy
 72768 | Crypt:3  | Identified the amulet of the Present {Faith rCorr Dex+3}
 73374 | Crypt:3  | Identified the amulet of Baoneun {Faith rC- Will+++ Regen+
                  | Dex-2}
 73612 | Crypt:3  | Noticed Sojobo
 73799 | Crypt:3  | Killed Sojobo
 74560 | D:15     | Acquired the +2 cloak of the Great Game {rF+}
 74836 | Slime:1  | Entered Level 1 of the Pits of Slime
 74838 | Slime:1  | Gained mutation: You occasionally lose the ability to drink
                  | potions when taking damage. [a shining eye]
 74841 | Slime:1  | Gained mutation: You sometimes lose your temper in combat.
                  | [a shining eye]
 74846 | Slime:1  | Gained mutation: Your body sometimes deteriorates upon
                  | taking damage. [a shining eye]
 74866 | Slime:1  | Gained mutation: Armour fits poorly on your strangely
                  | shaped body. [a shining eye]
 75128 | D:5      | Bought 2 potions of mutation for 240 gold pieces
 75128 | D:5      | Bought a potion of mutation for 120 gold pieces
 75334 | D:15     | Lost mutation: You are frail. (-10% HP) [potion of
                  | mutation]
 75334 | D:15     | Lost mutation: You sometimes lose your temper in combat.
                  | [potion of mutation]
 75334 | D:15     | Gained mutation: You are agile. (Dex +4, Str/Int -1)
                  | [potion of mutation]
 75334 | D:15     | Gained mutation: You have hidden genetic defects. [potion
                  | of mutation]
 75335 | D:15     | Lost mutation: You are agile. (Dex +4, Str/Int -1) [potion
                  | of mutation]
 75335 | D:15     | Lost mutation: Your body sometimes deteriorates upon taking
                  | damage. [potion of mutation]
 75335 | D:15     | Lost mutation: You are partially covered in iridescent
                  | scales. (AC +2) [potion of mutation]
 75335 | D:15     | Gained mutation: You are partially covered in iridescent
                  | scales. (AC +2) [potion of mutation]
 75335 | D:15     | Gained mutation: Your mind is acute. (Int +4, Str/Dex -1)
                  | [potion of mutation]
 75336 | D:15     | Lost mutation: Your mind is acute. (Int +4, Str/Dex -1)
                  | [potion of mutation]
 75336 | D:15     | Lost mutation: Armour fits poorly on your strangely shaped
                  | body. [potion of mutation]
 75336 | D:15     | Lost mutation: You have hidden genetic defects. [potion of
                  | mutation]
 75336 | D:15     | Gained mutation: You have an increased reservoir of magic.
                  | (+10% MP) [potion of mutation]
 75617 | Slime:1  | Learned a level 1 spell: Apportation
 75962 | Slime:5  | Entered Level 5 of the Pits of Slime
 76379 | Slime:5  | Noticed the Royal Jelly
 76428 | Slime:5  | Reached skill level 18 in Throwing
 76459 | Slime:5  | Gained mutation: You have hidden genetic potential. [a
                  | shining eye]
 77179 | Slime:5  | Found a viscous altar of Jiyva.
 77190 | Slime:5  | Killed the Royal Jelly
 77582 | Slime:5  | Identified the +10 rapier "Feoschan" {heavy, rC+ rN+ SInv}
 77607 | Slime:5  | Identified the +2 war axe of Dismemberment {heavy, rN+}
 77612 | Slime:5  | Got a slimy rune of Zot
 77615 | Slime:5  | Identified the +7 glaive "Tistreg" {pain, Will++ Dex+2}
 77633 | Slime:5  | Identified the +1 plate armour of Indecent Exposure {rF-
                  | Int+8 Dex-2 SInv}
 77652 | Slime:5  | Identified the +8 sling of the Harvest {flame, Dex+6}
 78443 | D:15     | Upgraded the game from 0.30-a0-557-ge2afbf3030 to
                  | 0.30-a0-567-gf7fd966b4a
 78456 | Depths:1 | Entered Level 1 of the Depths
 78456 | Depths:1 | Noticed Aizul
 78484 | Depths:1 | Killed Aizul
 78634 | Depths:1 | Found a one-way gateway to a ziggurat.
 78958 | Depths:1 | Identified the +1 leather armour "Boehus" {Harm}
 79000 | Depths:1 | Found a sparkling altar of Nemelex Xobeh.
 79073 | Depths:1 | Found a gateway to Hell.
 79120 | Depths:1 | Found an iron altar of Okawaru.
 79209 | Depths:2 | Noticed Saint Roka
 79238 | Depths:2 | Killed Saint Roka
 79450 | D:15     | Gained mutation: You are dopey. (Int -2) [mutagenic glow]
 79734 | Depths:2 | Noticed a juggernaut
 79746 | Depths:2 | Killed a juggernaut
 79955 | Depths:2 | Reached XP level 25. HP: 187/188 MP: 43/48
 80311 | Depths:2 | Noticed a juggernaut
 80321 | Depths:2 | Killed a juggernaut
 80894 | Depths:2 | Found a one-way gate to the infinite horrors of the Abyss.
 81007 | Depths:2 | Identified the +7 morningstar "Lovipuy" {spect, rPois rN+
                  | Int-3}
 81012 | Depths:2 | Identified the ring of Finekyhe {rPois rF+ Int-5 Dex+6
                  | Slay+2}
 81235 | Depths:2 | Reached skill level 19 in Throwing
 82143 | Depths:2 | Found a one-way gate leading to the halls of Pandemonium.
 82194 | Depths:2 | Identified the +6 quarterstaff "Ypode" {flame, Dex+6}
 82199 | Depths:2 | Identified the ring "Kexol" {Str+6 Int+5}
 82351 | Depths:3 | Gained mutation: Your flesh is cold resistant. (rC+)
                  | [hidden potential]
 82405 | Depths:3 | Noticed a dread lich
 82998 | Depths:3 | Reached skill level 15 in Necromancy
 83000 | Depths:3 | Killed a dread lich
 83930 | Depths:3 | Reached XP level 26. HP: 193/211 MP: 19/49
 83936 | Depths:3 | Identified the +1 pair of boots "Efobio" {Will+}
 84243 | Depths:4 | Entered Level 4 of the Depths
 84258 | Depths:4 | Reached skill level 15 in Conjurations
 84258 | Depths:4 | Reached skill level 15 in Hexes
 84258 | Depths:4 | Reached skill level 15 in Summonings
 84258 | Depths:4 | Reached skill level 15 in Translocations
 84258 | Depths:4 | Reached skill level 15 in Transmutations
 84258 | Depths:4 | Reached skill level 15 in Fire Magic
 84258 | Depths:4 | Reached skill level 15 in Ice Magic
 84258 | Depths:4 | Reached skill level 15 in Air Magic
 84258 | Depths:4 | Reached skill level 15 in Earth Magic
 84258 | Depths:4 | Reached skill level 15 in Poison Magic
 84324 | Depths:4 | Reached skill level 20 in Throwing
 84796 | Depths:4 | Found a runed translucent gate.
 84796 | Depths:4 | Noticed a juggernaut
 84798 | Depths:4 | Found a runed translucent gate.
 84798 | Depths:4 | Noticed Unolod's ghost (adept MiBe)
 84799 | Depths:4 | Found a runed translucent gate.
 84861 | Depths:4 | Found a gate to the Realm of Zot.
 85853 | Swamp:2  | Killed KingMieszko3's ghost
 85873 | Swamp:2  | Gained mutation: You possess an exceptional clarity of
                  | mind. [hidden potential]
 85873 | Swamp:2  | Lost mutation: You have hidden genetic potential. [hidden
                  | potential expressed]
 85972 | Swamp:4  | Killed Bai Suzhen
 86875 | Elf:3    | Entered Level 3 of the Elven Halls
 87011 | Elf:3    | Found Tymeijod's Weapon Shop.
 87543 | Elf:3    | Noticed Nikola
 87586 | Elf:3    | Killed Nikola
 88288 | Elf:3    | Identified the +4 mace "Hydraslayer" {drain, rElec rC-
                  | Dex+7}
 88346 | Elf:3    | Identified the +0 chain mail of Grace {rF+ Int+5 Dex-4}
 88608 | Elf:3    | Identified the ring of Suspicion {rN+ Int+2 Dex-2 SInv}
 88666 | Elf:3    | Identified the +1 pair of boots of the Sky {rCorr}
 88765 | Elf:3    | Identified the +8 sling of Jiymuela {antimagic, rF+ Int+3}
 88809 | Elf:3    | Got the Handbook of Evolution and the Voyage
 89667 | Zot:1    | Entered Level 1 of the Realm of Zot
 89667 | Zot:1    | Noticed a juggernaut
 89670 | Zot:1    | Killed a juggernaut
 89672 | Zot:1    | Noticed Vv
 89878 | Zot:3    | Reached skill level 21 in Throwing
 89878 | Zot:3    | Reached XP level 27. HP: 219/219 MP: 45/49
 89904 | Zot:3    | Acquired 591 gold pieces
 90109 | Zot:5    | Entered Level 5 of the Realm of Zot
 90204 | Zot:4    | Identified the -2 helmet of Goivvoju {rPois Int+7 Dex-2
                  | Slay+3}
 90432 | Zot:5    | Noticed an orb of fire
 90457 | Zot:5    | Killed an orb of fire
 90504 | Zot:5    | Noticed an orb of fire
 90546 | Zot:5    | Noticed an ancient lich
 90595 | Zot:5    | Noticed a dread lich
 90638 | Zot:5    | Killed a dread lich
 90669 | Zot:5    | Killed an ancient lich
 90815 | Zot:5    | Noticed an orb of fire
 90852 | Zot:5    | Killed an orb of fire
 90854 | Zot:5    | Killed an ancient lich
 91234 | Zot:5    | Got the Orb of Zot
 91449 | Zot:1    | Noticed Emi Imiz the pandemonium lord
 91885 | D:$      | Escaped with the Orb!

Illustrated notes

Levels and vault maps discovered:
D:1:      minmay_arrival_four_loops, layout_basic
D:2:      layout_basic, basic_altar
D:3:      layout_rooms, gammafunk_ghost_nasty_kobolds, columned_hall_lemuel,
          chequers_serial_rivers_large_a, chequers_serial_rivers_small_a,
          uniq_natasha
D:4:      layout_basic, vehumet_altar_wand_db, gammafunk_ghost_mausoleum,
          serial_bayou_lagoon_b, uniq_ijyb, uniq_sigmund
D:5:      layout_cave_pods, ashenzari_altar_1, lemuel_tele_altar,
          lemuel_mausoleum_altar_kikubaaqudgha, nicolae_ossuary_entry_giza,
          serial_shops, shop, shop, nicolae_stop_n_shop_2,
          nicolae_shop_temple_entry_statues_fountains, shop
D:6:      layout_gridville, grunt_temple_overflow_holy_war, temple_hall,
          gammafunk_ghost_necromancy, uniq_prince_ribbit1
D:7:      layout_layer_cave, hellmonk_guarded_unrand_night
D:8:      layout_basic, lemuel_doored_altar, kennysheep_little_box,
          mainiacjoe_overflow_small_starburst, serial_shops, shop,
          minmay_fractal_squares_5
D:9:      layout_cave_pools, mainiacjoe_overflow_tiny_flanked, zin_academy,
          kennysheep_generic_room_5, uniq_psyche
D:10:     layout_basic, grunt_ministairs_7, minivault_26, nicolae_sextant,
          uniq_harold, uniq_grum, uniq_josephine
D:11:     layout_loops_ring, serial_undead, serial_undead_f, serial_undead_e,
          serial_undead_a, serial_undead_b, serial_undead_b, serial_undead_d,
          serial_undead_e
D:12:     layout_loops_corners, zombieorc2_lemuel
D:13:     evilmike_makhleb_hellhole, layout_irregular_city,
          grunt_vaults_entry_tiered, grunt_decor_resistance
D:14:     layout_cave_pools, nicolae_qazlal_style_of_elements,
          gammafunk_ghost_icy, nicolae_ru_sacrificial_ziggurat
D:15:     gammafunk_depths_entry_grave, layout_basic, hex_medium
Lair:1:   layout_gridlike, serial_bayou_shore_b, uniq_urug
Lair:2:   layout_long_grid, skrybe_swamp_entry_bodies, spider_nest_entry_webs,
          nicolae_volcano_entry_s_turn, portal_ice_cave_entry_imps, uniq_sonja
Lair:3:   gammafunk_lair_enchanted_lake, layout_misc_corridors, minivault_11,
          eino_small_chamber_without_monster, lemuel_fruit_tree
Lair:4:   layout_loops_ring, grunt_megastairs_3, infiniplex_staircase_pool,
          serial_bayou_shore_b
Lair:5:   grunt_lair_end_beastmaster, layout_small_grid, slime_entry_1,
          serial_bayou_shore_b
Swamp:1:  layout_basic_swamp, evilmike_swamp_ruin_house_2, swamp_pool2,
          uniq_frances
Swamp:2:  layout_falls_marsh, gammafunk_ghost_wrathful_warriors,
          nicolae_swamp_ascending_descending
Swamp:3:  layout_basic_swamp, serial_swamp_ruin, evilmike_swamp_ruin_wall,
          evilmike_swamp_ruin_house_4, swamp_pool5
Swamp:4:  grunt_swamp_rune_castle, layout_basic_swamp, uniq_bai_suzhen
Spider:1: layout_spider_delve, uniq_louise
Spider:2: layout_spider_delve, guppyfry_spider_mini_2,
          hangedman_spider_tarantella_strand, uniq_arachne
Spider:3: layout_cave_pods
Spider:4: grunt_spider_rune_circles, uniq_roxanne, uniq_mara
Slime:1:  layout_caves
Slime:2:  layout_caves
Slime:3:  layout_caves
Slime:4:  layout_caves
Slime:5
Orc:1:    layout_diamond_mine, uniq_jorgrun, uniq_erica
Orc:2:    st_orc_rangers, layout_caves, serial_shops, shop
Elf:1:    layout_geoelf_diagonals, minmay_elf_annihilation, minmay_shoptagon
Elf:2:    nicolae_elf_blades_crystal_corner, layout_gridlike
Elf:3:    nooodl_elf_gasket, layout_geoelf_diagonals, serial_shops, shop,
          uniq_nikola
Vaults:1: nicolae_vaults_mini_display_case, v_misc_15, v_pattern_1,
          nicolae_vaults_three_branches, vaults_mumra_hex,
          hangedman_vaults_maws, hangedman_vaults_river_flow,
          ontoclasm_vaults_loading_screen, st_lines, layout_vaults_ring
Vaults:2: grunt_vaults_focal, nicolae_vaults_triangles, v_pattern_2,
          hangedman_vaults_pinch, grunt_vaults_hallway_short,
          minmay_crypt_entry_necro_gods, nicolae_vaults_specimen_jars, v_misc_5,
          layout_vaults_chaotic_city, uniq_asterion
Vaults:3: nicolae_vaults_what_the_h, st_cross, hangedman_vaults_slice,
          hangedman_vaults_hat, serial_ice_b, v_misc_16, grunt_vaults_twisty,
          grunt_vaults_hallway_long, v_misc_26, ontoclasm_vaults_eye,
          ontoclasm_vaults_loading_screen, layout_vaults_omnicross
Vaults:4: hangedman_vaults_trim, vaults_room_door_hall, vaults_mumra_minichess,
          door_vault, v_misc_9, nicolae_vaults_asterisk,
          dpeg_vaults_monster_box, v_alt_pattern_2, layout_vaults_omnigrid,
          serial_shops, shop, shop, shop, nicolae_shop_waterfront
Crypt:1:  layout_catacombs, palyth_stone_intersect
Crypt:2:  layout_regular_city
Crypt:3:  church_of_pain_bobbens, layout_chaotic_city, tomb_entry_shell_bobbens,
          uniq_boris, uniq_sojobo, uniq_grunn
Depths:1: layout_cross, enter_ziggurat_f, nemelex_lonely_heart_becter,
          hangedman_coc_ice_floe, okawaru_ov_weapons_minmay, uniq_aizul
Depths:2: box_level_dp, serial_shops, hell_entry, abyss_entry, pan_entry,
          uniq_saint_roka
Depths:3: cheibrodos_poisonous_passages, layout_cave_pools, special_room
          [special_room_morgue], nicolae_concentric_dashed_squares_wild,
          pf_hell_entry_great_geh, abyss_entry, infiniplex_staircase_river
Depths:4: grunt_zot_entry_pinwheel, layout_cave_pools, hell_entry,
          gammafunk_ghost_split, serial_rivers, chequers_serial_rivers_small_a,
          chequers_serial_rivers_micro_e, chequers_serial_rivers_small_b,
          chequers_serial_rivers_room_b, chequers_serial_rivers_small_a,
          rand_demon_pan_entry_7
Zot:1:    ebering_greatest_show_in_zot, layout_concentric_octagons, uniq_tiamat,
          uniq_vv
Zot:2:    layout_gridlike
Zot:3:    lemuel_draconian_sentries_small, layout_gridlike
Zot:4:    layout_basic
Zot:5:    layout_misc_corridors

Skill      XL: |  1  2  3  4  5  6  7  8  9 10 11 12 13 14 15 16 17 18 19 20 21 22 23 24 25 26 27 |
---------------+----------------------------------------------------------------------------------+-----
Invocations    | 1 2 3 4 5 6 8 9 10 11 12 13 14 15 16 17 18 19 20 | 20.0
Long Blades    | 1 2 3 5 6 7 8 9 10 11 12 13 14 15 16 17 18 | 18.5
Axes           | 1 2 3 5 6 7 8 9 10 11 12 13 14 15 16 18 19 | 19.8
Maces & Flails | 1 2 3 5 6 7 8 9 10 11 12 13 14 15 16 17 18 | 18.5
Polearms       | 1 2 3 5 6 7 8 9 10 11 12 13 14 15 16 17 18 | 18.5
Staves         | 1 2 3 5 6 7 8 9 10 11 12 13 14 15 16 17 18 | 18.5
Ranged Weapons | 1 2 3 5 6 7 8 9 10 11 12 13 14 15 16 17 18 | 18.5
Armour         | 1 2 3 5 6 7 8 9 10 11 12 13 14 15 16 17 18 | 18.5
Shields        | 1 2 3 5 6 7 8 9 10 11 12 13 14 15 16 17 18 | 18.5
Unarmed Combat | 1 2 3 5 6 7 8 9 10 11 12 13 14 15 16 17 18 | 18.5
Spellcasting   | 1 2 3 5 6 7 8 9 10 11 12 13 14 15 16 17 18 | 18.5
Evocations     | 1 2 3 5 6 7 8 9 10 11 12 13 14 15 16 17 18 | 18.5
Conjurations   | 1 2 3 4 5 6 7 8 9 10 11 12 13 14 15 | 15.8
Hexes          | 1 2 3 4 5 6 7 8 9 10 11 12 13 14 15 | 15.8
Summonings     | 1 2 3 4 5 6 7 8 9 10 11 12 13 14 15 16 | 16.1
Necromancy     | 1 2 3 4 5 6 7 8 9 10 11 12 13 14 15 16 | 16.9
Translocations | 1 2 3 4 5 6 7 8 9 10 11 12 13 14 15 | 15.8
Transmutations | 1 2 3 4 5 6 7 8 9 10 11 12 13 14 15 | 15.8
Fire Magic     | 1 2 3 4 5 6 7 8 9 10 11 12 13 14 15 | 15.8
Ice Magic      | 1 2 3 4 5 6 7 8 9 10 11 12 13 14 15 | 15.8
Air Magic      | 1 2 3 4 5 6 7 8 9 10 11 12 13 14 15 | 15.8
Earth Magic    | 1 2 3 4 5 6 7 8 9 10 11 12 13 14 15 | 15.8
Poison Magic   | 1 2 3 4 5 6 7 8 9 10 11 12 13 14 15 | 15.8
Dodging        | 3 4 5 6 8 9 10 11 12 13 14 15 16 17 18 | 18.7
Stealth        | 8 9 10 11 12 13 14 15 16 17 18 19 | 19.8
Fighting       | 5 6 7 8 9 10 11 12 13 14 15 16 17 18 19 | 19.0
Short Blades   | 5 6 7 8 9 10 11 12 13 14 15 16 17 18 19 | 19.0
Throwing       | 5 6 7 8 9 10 11 12 13 14 15 16 17 18 19 21 | 21.4

Action                   |  1- 3 |  4- 6 |  7- 9 | 10-12 | 13-15 | 16-18 | 19-21 | 22-24 | 25-27 || total
-------------------------+-------+-------+-------+-------+-------+-------+-------+-------+-------++-------
Melee: Dagger            |    75 |   156 |   206 |       |       |       |       |       |       ||   437
       Bite              |     7 |    17 |    22 |    30 |   235 |   240 |   134 |   141 |     7 ||   833
       Punch             |       |     2 |     2 |    14 |    11 |       |    22 |    87 |    75 ||   213
       Hand axe          |       |       |       |   209 |   151 |       |       |       |       ||   360
       Broad axe         |       |       |       |    11 |       |       |       |       |       ||    11
       Eveningstar       |       |       |       |       |   125 |   378 |   292 |   540 |       ||  1335
       Demon trident     |       |       |       |       |  1403 |  1058 |       |       |       ||  2461
       Unarmed           |       |       |       |       |       |    11 |   109 |   603 |   547 ||  1270
       Staff             |       |       |       |       |       |     1 |     5 |     9 |     5 ||    20
       Falchion          |       |       |       |       |       |       |    32 |       |       ||    32
       Demon blade       |       |       |       |       |       |       |   404 |   285 |       ||   689
       Maul              |       |       |       |       |       |       |       |       |    67 ||    67
 Fire: Arbalest          |       |       |    44 |   164 |     3 |       |       |       |       ||   211
Throw: Dart              |    13 |     1 |    43 |    24 |   193 |   135 |    91 |       |       ||   500
       Javelin           |       |       |     5 |       |     5 |     9 |     7 |    20 |       ||    46
       Boomerang         |       |       |     2 |       |     6 |   105 |    94 |       |       ||   207
       Throwing net      |       |       |       |       |       |       |       |     3 |       ||     3
 Cast: Ignite Poison     |       |       |       |       |       |    70 |    68 |    16 |     2 ||   156
       Olgreb's Toxic Ra |       |       |       |       |       |    40 |    57 |    25 |     2 ||   124
       Swiftness         |       |       |       |       |       |     7 |     5 |     7 |     2 ||    21
       Statue Form       |       |       |       |       |       |    19 |       |     3 |       ||    22
       Borgnjor's Vile C |       |       |       |       |       |    14 |     2 |       |    15 ||    31
       Death Channel     |       |       |       |       |       |     3 |     5 |    20 |    36 ||    64
       Yara's Violent Un |       |       |       |       |       |       |    11 |     6 |     7 ||    24
       Storm Form        |       |       |       |       |       |       |    13 |    69 |    57 ||   139
       Mephitic Cloud    |       |       |       |       |       |       |       |    11 |       ||    11
       Manifold Assault  |       |       |       |       |       |       |       |   163 |   102 ||   265
       Haunt             |       |       |       |       |       |       |       |    18 |    34 ||    52
       Apportation       |       |       |       |       |       |       |       |     1 |       ||     1
Invok: Potion Petition   |       |       |       |       |     1 |     1 |       |       |       ||     2
       Bribe Branch      |       |       |       |       |       |       |       |       |     4 ||     4
 Abil: End Transformatio |       |       |       |       |       |       |       |     5 |       ||     5
       Blinkbolt         |       |       |       |       |       |       |       |       |     2 ||     2
Evoke: Wand              |       |     1 |    12 |    20 |    11 |    12 |     2 |     3 |     1 ||    62
       Lightning rod     |       |       |       |     4 |    10 |     8 |     5 |     5 |     4 ||    36
       Tin of tremorston |       |       |       |       |     5 |     8 |     2 |    10 |     4 ||    29
       Condenser vane    |       |       |       |       |     3 |     2 |       |     5 |     1 ||    11
       Phantom mirror    |       |       |       |       |     1 |     5 |     2 |     4 |     2 ||    14
       Box of beasts     |       |       |       |       |       |       |       |     1 |     2 ||     3
  Use: Scroll            |       |       |     2 |    20 |    10 |    14 |     3 |    12 |     7 ||    68
       Potion            |       |       |     1 |    11 |     4 |     3 |     3 |     6 |     2 ||    30
 Stab: Distracted        |     2 |     1 |       |     4 |    23 |    27 |     7 |    15 |    11 ||    90
       Sleeping          |    15 |    15 |    17 |     1 |     6 |     4 |     6 |    17 |     1 ||    82
       Invisible         |       |       |     2 |     2 |     5 |     1 |       |       |       ||    10
       Confused          |       |       |       |       |       |       |       |    14 |       ||    14
       Held in net/web   |       |       |       |       |       |       |       |     3 |       ||     3
Armor: Robe              |     5 |    19 |    32 |    63 |       |    98 |     2 |    97 |     8 ||   324
       Leather armour    |     6 |     9 |       |       |       |       |       |       |       ||    15
       Skin              |       |       |       |     2 |     3 |   155 |    24 |   105 |    80 ||   369
       Chain mail        |       |       |       |    10 |   453 |   397 |   240 |       |       ||  1100
Dodge: Dodged            |    31 |    69 |   124 |   306 |   663 |   812 |   443 |   792 |   540 ||  3780
Block: Kite shield       |       |       |       |       |   733 |   246 |       |       |       ||   979
       Buckler           |       |       |       |       |       |   568 |   376 |    73 |     3 ||  1020
       Reflection        |       |       |       |       |       |    10 |    15 |       |       ||    25
       Tower shield      |       |       |       |       |       |       |       |   415 |       ||   415

Table legend: (Time is in decaauts)
 A = Elapsed time spent in this place.
 B = Non-inter-level travel time spent in this place.
 C = Inter-level travel time spent in this place.
 D = Time resting spent in this place.
 E = Time spent auto-exploring this place.
 F = Levels seen in this place.
 G = Mean time per level.
                   A        B        C        D        E       F      G
               +--------+--------+--------+--------+--------+-----+--------+
         Total |  91741 |  65948 |  25793 |  17937 |  29743 |  56 | 1638.2 |
       Dungeon |  29197 |  18524 |  10673 |   5060 |   8544 |  15 | 1946.5 |
          Lair |  10058 |   7359 |   2699 |   2082 |   3364 |   5 | 2011.6 |
         Swamp |   5280 |   3733 |   1547 |    822 |   1325 |   4 | 1320.0 |
   Spider Nest |   8167 |   5708 |   2459 |   2255 |   1462 |   4 | 2041.8 |
    Slime Pits |   2631 |   2093 |    538 |    854 |    454 |   5 |  526.2 |
  Orcish Mines |   5296 |   4155 |   1141 |   2021 |   1121 |   2 | 2648.0 |
   Elven Halls |   5695 |   4134 |   1561 |    784 |   2160 |   3 | 1898.3 |
        Vaults |   8534 |   7222 |   1312 |    892 |   5046 |   4 | 2133.5 |
         Crypt |   6276 |   4600 |   1676 |   1798 |   1602 |   3 | 2092.0 |
        Depths |   7149 |   5804 |   1345 |    448 |   4133 |   4 | 1787.2 |
           Zot |   1837 |    998 |    839 |    243 |    314 |   5 |  367.4 |
       Ossuary |     43 |     43 |      0 |      0 |      0 |   1 |   43.0 |
      Ice Cave |   1573 |   1573 |      0 |    673 |    216 |   1 | 1573.0 |
               +--------+--------+--------+--------+--------+-----+--------+

Top non-repeatable levels by time:
    D:13: 4180 daAuts
Depths:2: 3465 daAuts
    D:10: 3166 daAuts
  Lair:2: 3045 daAuts
 Crypt:3: 2896 daAuts
   Orc:1: 2880 daAuts
    D:14: 2616 daAuts
   Elf:2: 2606 daAuts
Spider:4: 2590 daAuts
  Lair:5: 2518 daAuts
     D:7: 2445 daAuts
   Orc:2: 2415 daAuts
    D:11: 2379 daAuts
 Crypt:2: 2358 daAuts
    D:15: 2334 daAuts
